 Dungeon Crawl Stone Soup version 0.30-a0-166-g5d06c95188 (webtiles) character file.

Game seed: 8825780190184373062

42 Malachi the Insei (level 3, -1/26 HPs)
             Began as a Demonspawn Transmuter on Sept 29, 2022.
             Slain by a black bear (3 damage)
             ... on level 3 of the Dungeon.
             The game lasted 00:01:34 (1834 turns).

Malachi the Insei (Demonspawn Transmuter)           Turns: 1834, Time: 00:01:35

Health: -1/26      AC:  2    Str: 10    XL:     3   Next: 35%
Magic:  5/6        EV: 12    Int: 22    God:
Gold:   150        SH:  0    Dex: 13    Spells: 2/6 levels left

rFire   . . .      SeeInvis .      - Unarmed
rCold   . . .      Faith    +    (no shield)
rNeg    . . .      Spirit   .    a - +0 robe
rPois   .          Reflect  .    (helmet currently unavailable)
rElec   .          Harm     .    (no cloak)
rCorr   .          Rampage  .    (no gloves)
Will    .....                    (boots currently unavailable)
Stlth   +.........               f - amulet of faith
HPRegen 0.08/turn                r - +6 ring of intelligence
MPRegen 0.10/turn                (no ring)

@: appendages
A: horns 2, talons 2, claws 1
a: End Transformation


You were on level 3 of the Dungeon.
You had temporarily grown beastly horns and talons.
You visited 1 branch of the dungeon, and saw 3 of its levels.

You collected 150 gold pieces.

Inventory:

Hand Weapons
 k - a +3 dagger of flaming
Missiles
 l - 5 atropa-tipped darts
Armour
 a - a +0 robe (worn)
Jewellery
 f - an amulet of faith (around neck)
 r - a +6 ring of intelligence (left claw)
Scrolls
 c - a scroll of teleportation {unknown}
 g - a scroll of fear {unknown}
 h - a scroll of noise {unknown}
 i - 2 scrolls of enchant weapon
 j - a scroll of torment {unknown}
 n - a scroll of poison {unknown}
 o - a scroll of identify {unknown}
 p - a scroll of vulnerability {unknown}
 q - a scroll of blinking {unknown}
Potions
 b - a potion of lignification
 d - a potion of curing {unknown}
 e - a potion of heal wounds {unknown}
 m - a potion of ambrosia {unknown}


   Skills:
 - Level 1.0 Fighting
 - Level 1.7 Dodging
 + Level 4.1 Unarmed Combat
 - Level 2.0 Spellcasting
 - Level 1.7 Transmutations


You had 2 spell levels left.
You knew the following spells:

 Your Spells              Type           Power      Damage    Failure   Level
a - Beastly Appendage     Tmut           18%        N/A       7%          1
b - Spider Form           Tmut/Pois      6%         N/A       28%         3

Your spell library contained the following spells:

 Spells                   Type           Power      Damage    Failure   Level
 Wereblood                Tmut           9%         N/A       10%         2
 Ice Form                 Ice/Tmut       6%         N/A       67%         4


Dungeon Overview and Level Annotations

Branches:
Dungeon (3/15)

Altars:
Yredelemnul


Innate Abilities, Weirdness & Mutations

You have temporarily grown beastly horns and talons.
You have sharp fingernails.


Message History

There is an open door here.
A black bear comes into view.
The black bear growls angrily.
A black bear is nearby!
A black bear is nearby!
A black bear is nearby!
Casting: Beastly Appendage (safe; 7% risk of failure)
Press: ? - help, Q - select action, (/) - cycle Dir - look around, f - activate You grow a pair of large bovine horns.
Your feet morph into talons.
Unknown command.
You scratch the black bear. You claw the black bear.
The black bear is moderately wounded.
The black bear barely misses you. The black bear claws you.
The black bear misses you.
You scratch the black bear.
The black bear is heavily wounded.
The black bear bites you! The black bear misses you.
The black bear completely misses you.
You barely miss the black bear. You claw the black bear.
The black bear is heavily wounded.
The black bear barely misses you. The black bear claws you.
The black bear barely misses you.
You are too injured to fight recklessly!
You are too injured to fight recklessly!
You scratch the black bear. Your headbutt misses the black bear.
The black bear is heavily wounded.
The black bear bites you but does no damage.
The black bear completely misses you. The black bear barely misses you.
You scratch the black bear. Your kick misses the black bear.
The black bear is severely wounded.
The black bear misses you. The black bear claws you. The black bear misses you.
You barely miss the black bear.
You claw the black bear, but do no damage.
The black bear is severely wounded.
The black bear bites you.
* * * LOW HITPOINT WARNING * * *
The black bear claws you.
* * * LOW HITPOINT WARNING * * *
The black bear claws you.
You die...

##+#.# #####
####......
#.#^###..h....#
#.^.^##.@#
#_.^.'...#
#^^^^###.########
#^#^###..........
##### ##.########
#.# ####.# #<...#
######


You could see a black bear.

Vanquished Creatures
  An endoplasm (D:2)
  4 giant cockroaches
  5 goblins
  9 hobgoblins
  6 ball pythons
  5 bats
  2 frilled lizards
  4 kobolds
  A spectral orc (D:3)
37 creatures vanquished.

Vanquished Creatures (others)
  A plant (D:1)
1 creature vanquished.

Grand Total: 38 creatures vanquished

Notes
Turn   | Place    | Note
-------+----------+-------------------------------------------
     0 | D:1      | Malachi the Demonspawn Transmuter began the quest for the
                  | Orb.
     0 | D:1      | Reached XP level 1. HP: 15/15 MP: 3/3
   240 | D:1      | Reached skill level 3 in Unarmed Combat
   253 | D:1      | Gained mutation: You have sharp fingernails. [demonic
                  | ancestry]
   253 | D:1      | Reached XP level 2. HP: 19/21 MP: 5/5
  1222 | D:2      | Reached XP level 3. HP: 25/26 MP: 4/6
  1244 | D:2      | Reached skill level 4 in Unarmed Combat
  1777 | D:2      | Learned a level 3 spell: Spider Form
  1804 | D:3      | Found a basalt altar of Yredelemnul.
  1826 | D:3      | Noticed a black bear
  1834 | D:3      | Slain by a black bear

Illustrated notes

Levels and vault maps discovered:
D:1:      eino_arrival_water_cross, layout_rooms, hangedman_decor_slide_cut,
          grunt_decor_junction, minmay_ruptured
D:2:      layout_basic, serial_park_tiny_1, nicolae_kite_square_tiling_tiny
D:3:      layout_basic, yredelemnul_forgotten_temple_becter

Skill      XL: |  1  2  3 |
---------------+----------+-----
Unarmed Combat | 3 4 |  4.1
Fighting       | |  1.0
Dodging        | |  1.7
Spellcasting   | |  2.0
Transmutations | |  1.7

Action                   || total
-------------------------++-------
Melee: Unarmed           ||    99
       Kick              ||    14
       Punch             ||     1
       Headbutt          ||     2
 Cast: Beastly Appendage ||    12
  Use: Scroll            ||     1
Armor: Robe              ||    23
Dodge: Dodged            ||    69

Table legend: (Time is in decaauts)
 A = Elapsed time spent in this place.
 B = Non-inter-level travel time spent in this place.
 C = Inter-level travel time spent in this place.
 D = Time resting spent in this place.
 E = Time spent auto-exploring this place.
 F = Levels seen in this place.
 G = Mean time per level.
                   A        B        C        D        E       F      G
               +--------+--------+--------+--------+--------+-----+--------+
         Total |   1827 |   1795 |     32 |    243 |   1313 |   3 |  609.0 |
       Dungeon |   1827 |   1795 |     32 |    243 |   1313 |   3 |  609.0 |
               +--------+--------+--------+--------+--------+-----+--------+

Top non-repeatable levels by time:
     D:1: 1191 daAuts
     D:2: 594 daAuts
     D:3: 41 daAuts
